AoeStats
← chemeball

Lombardia

507869155Analyzed
4v4 RM · 12d ago on Sep 20, 2026· 46m 2s· 8 players
Game mode
Random Map
Map size
Large (8 player)
Population
200
Speed
Normal
Resources
Standard
Victory
Conquest
Starting age
Dark Age
Ending age
Imperial Age
RankedLock teamsTeams togetherTeam positionsShared explorationLock speedFull tech treeHidden civsTurbo modeCheats
Victory
Defeat
🇺🇸 Goths · United States
1260
+16
🇨🇷 Gurjaras · Costa Rica
1250
+16
🇨🇷 Poles · Costa Rica
1231
+17
🇺🇸 Khmer · United States
1189
+18
🇨🇴 Persians · Colombia
1305
-19
🇨🇴 Cumans · Colombia
1280
-18
🇨🇴 Tatars · Colombia
1216
-15
🇬🇧 Armenians · United Kingdom
1202
-15
chemeball
6:58 Loom
11:51 Feudal Age
15:44 Castle Age
13:34 Horse Collar
13:58 Double-Bit Axe
16:50 Bow Saw
16:04 Pikeman
16:49 Squires
19:15 Town Watch
22:15 Stone Mining
22:36 Heavy Plow
23:16 Wheelbarrow
23:20 Stone Mining
24:40 Gold Mining
25:33 Fletching
26:56 Hand Cart
27:18 Town Patrol
32:06 Imperial Age
29:38 Bodkin Arrow
29:45 Scale Mail Armor
32:10 Anarchy
33:59 Two-Man Saw
33:33 Conscription
32:36 Halberdier
35:09 Chain Mail Armor
34:56 Bracer
35:07 Forging
37:18 Stone Shaft Mining
37:03 Elite Huskarl
40:25 Chemistry
39:45 Ballistics
39:36 Masonry
39:22 Murder Holes
39:45 Perfusion
41:02 Iron Casting
43:12 Blast Furnace
jaaakooo27
4:40 Loom
11:07 Feudal Age
12:33 Wheelbarrow
12:09 Double-Bit Axe
13:12 Horse Collar
16:16 Castle Age
15:43 Gold Mining
15:50 Stone Mining
18:13 Husbandry
24:25 Bow Saw
24:54 Heavy Plow
25:29 Bloodlines
32:43 Imperial Age
29:39 Light Cavalry
30:23 Tusk Swords
32:17 Gold Shaft Mining
31:56 Scale Barding Armor
32:01 Forging
33:25 Hand Cart
32:56 Town Watch
32:46 Cavalier
34:50 Chain Barding Armor
34:27 Hussar
35:46 Iron Casting
38:07 Iron Casting
38:03 Conscription
38:22 Plate Barding Armor
40:28 Blast Furnace
40:10 Crop Rotation
44:04 Elite Battle Elephant
[CRM] - Shadow
2:53 Loom
11:59 Feudal Age
12:46 Feudal Age
13:56 Double-Bit Axe
14:42 Horse Collar
17:25 Castle Age
16:36 Gold Mining
20:09 Bow Saw
20:33 Husbandry
20:49 Heavy Plow
24:53 Wheelbarrow
25:22 Bloodlines
26:44 Scale Barding Armor
27:07 Hand Cart
27:25 Forging
28:02 Chain Barding Armor
29:34 Iron Casting
32:27 Imperial Age
31:19 Stone Mining
32:32 Gold Shaft Mining
32:34 Heavy Camel Rider
33:51 Plate Barding Armor
37:21 Crop Rotation
37:38 Conscription
37:01 Light Cavalry
39:26 Kshatriyas
40:49 Frontier Guards
42:00 Caravan
42:36 Hussar
[CRM]-Camacho
5:21 Loom
11:33 Feudal Age
15:31 Castle Age
15:22 Double-Bit Axe
16:47 Wheelbarrow
18:02 Horse Collar
21:37 Heavy Plow
21:50 Bow Saw
22:47 Hand Cart
23:19 Gold Mining
29:05 Bloodlines
29:10 Husbandry
32:14 Imperial Age
30:04 Szlachta Privileges
31:07 Forging
31:03 Scale Barding Armor
32:37 Iron Casting
33:19 Conscription
32:31 Cavalier
33:35 Chain Barding Armor
36:51 Blast Furnace
37:13 Lechitic Legacy
38:49 Light Cavalry
40:49 Crop Rotation
40:08 Winged Hussar
Zell
3:14 Loom
9:55 Feudal Age
11:17 Double-Bit Axe
11:13 Horse Collar
12:59 Wheelbarrow
21:07 Castle Age
19:13 Gold Mining
19:16 Stone Mining
20:09 Fletching
21:15 Padded Archer Armor
22:06 Bow Saw
21:57 Heavy Plow
22:34 Gold Shaft Mining
22:09 Bodkin Arrow
23:28 Hand Cart
23:11 Light Cavalry
24:02 Bloodlines
24:10 Leather Archer Armor
29:15 Imperial Age
27:19 Ballistics
27:37 Scale Barding Armor
30:41 Ring Archer Armor
31:20 Chemistry
31:31 Crop Rotation
33:16 Parthian Tactics
33:05 Forging
33:24 Conscription
33:23 Steppe Husbandry
34:12 Hussar
35:38 Thumb Ring
36:13 Chain Barding Armor
36:35 Pikeman
37:15 Squires
37:01 Arson
37:17 Scale Mail Armor
37:18 Halberdier
38:15 Chain Mail Armor
38:45 Caravan
40:20 Iron Casting
AMartinez__
9:36 Feudal Age
18:08 Castle Age
15:56 Double-Bit Axe
17:14 Horse Collar
21:21 Heavy Plow
28:37 Ballistics
28:09 Fletching
28:20 Padded Archer Armor
35:53 Imperial Age
34:14 Leather Archer Armor
34:53 Bodkin Arrow
35:52 Bow Saw
36:24 Wheelbarrow
35:35 Town Watch
37:18 Ring Archer Armor
36:49 Bracer
37:15 Husbandry
37:25 Bloodlines
37:44 Caravan
38:50 Bracer
39:19 Heavy Cavalry Archer
41:57 Wheelbarrow
41:07 Loom
43:45 Chemistry
Gutys08
2:51 Loom
9:27 Feudal Age
15:42 Forging
16:22 Double-Bit Axe
20:31 Castle Age
18:51 Horse Collar
19:08 Stone Mining
20:33 Wheelbarrow
19:57 Town Watch
21:37 Bow Saw
22:00 Heavy Plow
29:56 Town Patrol
30:12 Hand Cart
30:59 Gold Mining
36:01 Imperial Age
34:24 Scale Barding Armor
34:54 Iron Casting
34:21 Husbandry
34:31 Bloodlines
35:27 Chain Barding Armor
35:12 Caravan
35:43 Cavalier
37:25 Blast Furnace
37:05 Savar
38:24 Plate Barding Armor
38:17 Conscription
38:13 Citadels
[ITBB] RossMichael
12:21 Feudal Age
18:55 Castle Age
17:17 Fletching
17:18 Double-Bit Axe
17:30 Gold Mining
18:42 Padded Archer Armor
18:52 Forging
19:25 Crossbowman
21:25 Bodkin Arrow
23:35 Leather Archer Armor
25:08 Loom
27:11 Wheelbarrow
30:08 Bow Saw
34:24 Ballistics
37:52 Imperial Age
37:07 Iron Casting
36:24 Horse Collar
39:07 Gold Shaft Mining
38:36 Heavy Plow
38:01 Arbalester
39:35 Hand Cart
39:08 Town Watch
40:33 Chemistry
40:24 Bracer
44:30 Light Cavalry
Connection lost

Rejoining the realm…

Still unreachable

The connection could not be restored.

Session expired

The server has moved on; the page needs a fresh start.